 Dungeon Crawl Stone Soup version 0.26-a0-1205-g4083c211ab (webtiles) character file.

Game seed: 14801577081754975882

75 CurlyBrace the Sneak (level 4, 4/21 HPs)
             Began as a Felid Delver on Dec 29, 2020.
             Was an Initiate of Cheibriados.
             Quit the game on level 5 of the Dungeon.
             The game lasted 00:01:14 (96 turns).

CurlyBrace the Sneak (Felid Delver)                   Turns: 96, Time: 00:01:15

Health: 4/21       AC:  1    Str:  9    XL:     4   Next: 11%
Magic:  5/5        EV: 19    Int: 13    God:    Cheibriados [......]
Gold:   22         SH:  0    Dex: 18    Spells: 3/3 levels left
                                        Lives:  1   Deaths: 0

rFire    . . .     SeeInvis +     - Unarmed
rCold    . . .     Faith    .   (shield unavailable)
rNeg     . . .     Spirit   .   (armour unavailable)
rPois    .         Reflect  .   (helmet unavailable)
rElec    .         Harm     .   (cloak unavailable)
rCorr    .         Rampage  .   (gloves unavailable)
Will     .....                  (boots unavailable)
Stlth    ++++......             (no amulet)
HPRegen  0.07/turn              (no ring)
MPRegen  0.09/turn              (no ring)

@: lethally poisoned (4 -> -8), hasted (expiring), very quick
A: very small, no armour, no weapons or thrown items, stealth, claws 1, fangs 3,
see invisible, speed 1, shaggy fur 1, sharp paws
a: Renounce Religion, Bend Time


You were on level 5 of the Dungeon.
You worshipped Cheibriados.
Cheibriados was noncommittal.
You visited 2 branches of the dungeon, and saw 3 of its levels.

You collected 22 gold pieces.

Inventory:

Wands
 v - a wand of digging (3)
Scrolls
 a - a scroll of fog
 b - a scroll of teleportation {unknown}
 c - a scroll of fear


   Skills:
 * Level 3.4 Fighting
 + Level 3.3 Dodging
 - Level 7.0 Stealth
 * Level 3.4 Unarmed Combat


You had 3 spell levels left.
You didn't know any spells.
Your spell library was empty.

Dungeon Overview and Level Annotations

Branches:
Dungeon (6/15)             Temple (1/1) D:6

Altars:
Cheibriados
Fedhas
Qazlal
Vehumet
Wu Jian
Yredelemnul


Innate Abilities, Weirdness & Mutations

You cannot wear armour.
You are incapable of wielding weapons or throwing items.
Your paws allow you to move quietly. (Stealth)
You have sharp claws.
You have razor-sharp teeth.
You have supernaturally acute eyesight. (SInv)
You cover ground quickly.
You are covered in fur. (AC +1)
Your sharp claws are effective at attacking unaware monsters.


Message History

You aren't carrying any potions.
Okay, then.
The scorpion closely misses you.
You closely miss the scorpion. You bite the scorpion.
The scorpion is lightly wounded.
You scratch the scorpion but do no damage.
The scorpion is lightly wounded.
The scorpion stings you!
* * * LOW HITPOINT WARNING * * *
You are lethally poisoned!
The scorpion poisons you!
You barely miss the scorpion.
The scorpion is lightly wounded.
* * * LOW HITPOINT WARNING * * *
You feel sick.
Unknown command.
Unknown command.
Unknown command.
You aren't carrying any potions.
Are you sure you want to abandon this character and quit the game? (Confirm with "yes".)

### ###.####
###......###
#....@s....#######
#######...>.......
####........
#######..


You could see a scorpion.

Vanquished Creatures
  A centaur (D:6)
1 creature vanquished.

Notes
Turn   | Place    | Note
-------+----------+-------------------------------------------
     0 | D:5      | CurlyBrace the Felid Delver began the quest for the Orb.
     0 | D:5      | Reached XP level 1. HP: 10/10 MP: 2/2
     1 | D:6      | Noticed a centaur
     3 | D:6      | Killed a centaur
     4 | D:6      | Reached skill level 7 in Stealth
     4 | D:6      | Reached XP level 2. HP: 14/14 MP: 3/3
     4 | D:6      | Reached XP level 3. HP: 17/17 MP: 4/4
     4 | D:6      | Reached XP level 4. HP: 21/21 MP: 5/5
    10 | D:6      | Noticed an ogre
    28 | D:6      | Found a staircase to the Ecumenical Temple.
    34 | Temple   | Entered the Ecumenical Temple
    53 | Temple   | Became a worshipper of Cheibriados the Contemplative
    96 | D:5      | Quit the game

Illustrated notes

Levels and vault maps discovered:
D:5:      layout_layer_cave, kennysheep_mini_moat, minmay_diced_spiral,
          uniq_duvessa
D:6:      layout_rooms, zin_purify, nicolae_tso_carved_into_rock,
          minmay_temple_entry_ruins, kennysheep_flooded_box, interstate_on_off,
          uniq_maggie
Temple:   compressed_dpeg_triangle_lava_temple

Skill      XL: |  1 |
---------------+----+-----
Dodging        | 3 |  3.3
Stealth        | 7 |  7.0
Unarmed Combat | 3 |  3.4
Fighting       | |  3.4

Action                   |  1- 3 |  4- 6 || total
-------------------------+-------+-------++-------
Melee: Unarmed           |     1 |     4 ||     5
       Bite              |       |     1 ||     1
  Use: Scroll            |       |     1 ||     1
       Potion            |       |     1 ||     1
 Stab: Sleeping          |     1 |       ||     1
Dodge: Dodged            |       |     7 ||     7

Table legend: (Time is in decaauts)
 A = Elapsed time spent in this place.
 B = Non-inter-level travel time spent in this place.
 C = Inter-level travel time spent in this place.
 D = Time resting spent in this place.
 E = Time spent auto-exploring this place.
 F = Levels seen in this place.
 G = Mean time per level.
                   A        B        C        D        E       F      G
               +--------+--------+--------+--------+--------+-----+--------+
         Total |     74 |     74 |      0 |      0 |      0 |   3 |   24.7 |
       Dungeon |     45 |     45 |      0 |      0 |      0 |   2 |   22.5 |
        Temple |     28 |     28 |      0 |      0 |      0 |   1 |   28.0 |
               +--------+--------+--------+--------+--------+-----+--------+

Top non-repeatable levels by time:
     D:6: 36 daAuts
  Temple: 28 daAuts
     D:5: 9 daAuts
